 Dungeon Crawl Stone Soup version 0.23.2 (webtiles) character file.

Game seed: 9054786915891266551

96 Leeroy the Conjurer (level 4, -1/33 HPs)
             Began as a Draconian Conjurer on Apr 13, 2019.
             Was a Follower of the Shining One.
             Killed from afar by Sigmund (7 damage)
             ... with a magic dart
             ... on level 2 of the Dungeon.
             The game lasted 00:05:04 (1950 turns).

Leeroy the Conjurer (Draconian Conjurer)            Turns: 1950, Time: 00:05:05

Health: -1/33      AC:  6    Str: 15    XL:     4   Next: 41%
Magic:  1/7        EV: 12    Int: 17    God:    the Shining One [*.....]
Gold:   95         SH:  0    Dex: 11    Spells: 1/7 levels left

rFire    . . .     SeeInvis .   p - +0 short sword
rCold    . . .     Gourm    .   (no shield)
rNeg     . . .     Faith    .   (armour unavailable)
rPois    .         Spirit   .   (helmet restricted)
rElec    .         Reflect  .   (no cloak)
rCorr    .         Harm     .   (no gloves)
MR       +....                  i - +0 pair of boots
Stlth    +.........             (no amulet)
HPRegen  0.11/turn              f - ring of protection from magic
MPRegen  0.10/turn              (no ring)

@: mighty, glowing
A: unfitting armour, cold-blooded, AC +5
a: Renounce Religion


You were on level 2 of the Dungeon.
You worshipped the Shining One.
The Shining One was aware of your devotion.
You were not hungry.

You visited 1 branch of the dungeon, and saw 2 of its levels.

You collected 95 gold pieces.

Inventory:

Hand Weapons
 d - a +0 dagger
 p - a +0 short sword (weapon)
Missiles
 a - 71 stones (quivered)
 c - 15 sling bullets
 j - 36 arrows
Armour
 i - a +0 pair of boots (worn)
Jewellery
 f - a ring of protection from magic (left hand)
Scrolls
 e - 2 scrolls of remove curse {unknown}
 g - a scroll of fog {unknown}
 h - a scroll of fear {unknown}
 k - a scroll of amnesia {unknown}
 l - 2 scrolls of identify
 m - a scroll of enchant armour {unknown}
Comestibles
 b - 3 rations


   Skills:
 + Level 1.5 Short Blades
 - Level 1.7 Dodging
 - Level 1.7 Stealth
 - Level 2.0 Spellcasting
 + Level 5.6 Conjurations


You had one spell level left.
You knew the following spells:

 Your Spells              Type           Power        Failure   Level  Hunger
a - Magic Dart            Conj           ###.         1%          1    #......
b - Searing Ray           Conj           ###...       3%          2    ###....
c - Dazzling Spray        Conj/Hex       ##....       19%         3    ###....

Your spell library contained the following spells:

 Spells                   Type           Power        Failure   Level  Hunger
 Iskenderun's Mystic Bla  Conj           ###.....     19%         4    #####..
 Force Lance              Conj/Tloc      ##......     52%         4    #####..
 Fulminant Prism          Conj/Hex       ##........   52%         4    #####..


Dungeon Overview and Level Annotations

Branches:
Dungeon (2/15)

Altars:
Yredelemnul
The Shining One

Annotations:
D:2 Sigmund


Innate Abilities, Weirdness & Mutations

Your plain brown scales are hard. (AC +5)
You cannot fit into any form of body armour.
You are cold-blooded and may be slowed by cold attacks.


Message History

The puff of flame misses you.
It was a potion of might.
You feel very mighty all of a sudden.
Casting: Searing Ray (safe; 3% risk of failure)
Confirm with . or Enter, or press ? or * to list all spells.
Aiming: Searing Ray (safe; 3% risk of failure)
Press: ? - help, Shift-Dir - straight line The searing ray hits something. (Press . to maintain the ray.)
A puff of flame appears from out of thin air!
The puff of flame hits you.
* * * LOW HITPOINT WARNING * * *
As you read the scroll labeled MOKHIUXALA, it crumbles to dust.
It is a scroll of identify.
f - an uncursed ring of protection from magic Put on which piece of jewellery? (? for menu, Esc to quit)
f - a ring of protection from magic (left hand)
A magic dart appears from out of thin air!
The magic dart hits you!
You die...

##.#.#######.#######
#.# #.P. ##.## #.#
#.###.._ ### ###.#
#.##..P. ##.#.##
#.##....
#)....########.##...#
##...................
#....########.##...#
#........# #.###.##
###@####.# #.# #.#
#.# #.# #.# #.## #.#
#.# #.# #... #.# #.#
#.# #### #.# #.# #.#
#.# #.# #.# #.# #.#
#.###### #.# #.#
#....... #.#
##.###########


There were no monsters in sight!

Vanquished Creatures
  Jessica (D:2)
  2 adders (D:2)
  A worm (D:2)
  3 dart slugs (D:1)
  11 bats
  9 giant cockroaches
  2 goblins
  2 hobgoblins (D:2)
  5 kobolds
  7 rats
43 creatures vanquished.

Notes
Turn   | Place    | Note
-------+----------+-------------------------------------------
     0 | D:1      | Leeroy the Draconian Conjurer began the quest for the Orb.
     0 | D:1      | Reached XP level 1. HP: 14/14 MP: 3/3
   223 | D:1      | Reached XP level 2. HP: 17/20 MP: 5/5
   330 | D:1      | Learned a level 2 spell: Searing Ray
   992 | D:2      | Found a basalt altar of Yredelemnul.
  1006 | D:2      | Reached skill level 5 in Conjurations
  1006 | D:2      | Reached XP level 3. HP: 26/26 MP: 1/6
  1011 | D:2      | Learned a level 3 spell: Dazzling Spray
  1141 | D:2      | Noticed Sigmund
  1419 | D:2      | Reached skill level 1 in Short Blades
  1525 | D:2      | Found a faded altar of an unknown god.
  1551 | D:2      | Became a worshipper of the Shining One
  1551 | D:2      | Reached * piety under the Shining One
  1617 | D:2      | Noticed Jessica
  1628 | D:2      | Killed Jessica
  1628 | D:2      | Reached XP level 4. HP: 9/33 MP: 1/7
  1950 | D:2      | Killed from afar by Sigmund

Skill      XL: |  1  2  3 |
---------------+----------+-----
Conjurations   | 5 |  5.6
Short Blades   | 1 |  1.5
Dodging        | |  1.7
Stealth        | |  1.7
Spellcasting   | |  2.0

Action                   |  1- 3 |  4- 6 || total
-------------------------+-------+-------++-------
Melee: Unarmed           |    48 |       ||    48
       Dagger            |   108 |    17 ||   125
       Tailslap          |     9 |     4 ||    13
       Short sword       |       |     2 ||     2
 Cast: Magic Dart        |    26 |     3 ||    29
       Searing Ray       |     5 |     3 ||     8
       Dazzling Spray    |       |     2 ||     2
  Use: Scroll            |       |     1 ||     1
       Potion            |       |     1 ||     1
 Stab: Sleeping          |     3 |       ||     3
  Eat: Chunk             |     3 |     2 ||     5
Armor: Skin              |    69 |    12 ||    81
Dodge: Dodged            |   132 |    14 ||   146
